 Dungeon Crawl Stone Soup version 0.31-a0-940-gdaa99269f9 (webtiles) character file.

Game seed: 15743399821916378451

359 Elsrick the Sneak (level 6, -5/46 HPs)
             Began as a Formicid Brigand on Oct 21, 2023.
             Shot with an arrow by a centaur (7 damage)
             ... on level 5 of the Dungeon.
             The game lasted 00:19:48 (4571 turns).

Elsrick the Sneak (Formicid Brigand)                Turns: 4571, Time: 00:19:49

Health: -5/46      AC:  4    Str: 16    XL:     6   Next: 98%
Magic:  7/7        EV: 12    Int: 10    God:
Gold:   191        SH:  5    Dex: 17    Spells: 5/7 levels left

rFire   . . .        B - +0 dagger (venom)
rCold   + . .        D - +1 buckler of Eptymu {rElec rC+}
rNeg    . . .        b - +0 robe
rPois   +            (helmet unavailable)
rElec   +            c - +0 cloak
rCorr   .            (no gloves)
SInv    +            v - +0 pair of boots
Will    .....        (no amulet)
Stlth   +++          u - ring of poison resistance
HPRegen 0.27/turn    (no ring)
MPRegen 0.10/turn

%: no passive effects
@: no status effects
A: permanent stasis, dig shafts and tunnels, antennae 3, four strong arms
a: Dig, Shaft Self


You were on level 5 of the Dungeon.
You visited 1 branch of the dungeon, and saw 5 of its levels.
You also visited: Ossuary.

You collected 191 gold pieces.

Inventory:

Hand Weapons
 a - a +2 dagger
 y - a +1 mace of protection
 B - a +0 dagger of venom (weapon)
Missiles
 d - 4 poisoned darts (quivered)
 e - 3 curare-tipped darts
 E - 4 atropa-tipped darts
Armour
 b - a +0 robe (worn)
 c - a +0 cloak (worn)
 v - a +0 pair of boots (worn)
 D - the +1 buckler of Eptymu (worn) {rElec rC+}
   (You found it on level 4 of the Dungeon)

   rC+:       It protects you from cold.
   rElec:     It insulates you from electricity.
Jewellery
 u - a ring of poison resistance (left hand)
 G - a ring of protection from cold
Talismans
 C - a flux talisman
 F - a serpent talisman
Wands
 w - a wand of quicksilver (12)
Scrolls
 f - 2 scrolls of immolation {unknown}
 g - a scroll of enchant armour {unknown}
 j - a scroll of poison {unknown}
 m - 3 scrolls of identify {unknown}
 o - a scroll of revelation {unknown}
 q - a scroll of amnesia {unknown}
 r - 2 scrolls of teleportation {unknown}
 t - 2 scrolls of enchant weapon {unknown}
 x - 2 scrolls of blinking {unknown}
 A - a scroll of fog {unknown}
Potions
 h - 2 potions of mutation {unknown}
 i - a potion of berserk rage {unknown}
 k - a potion of curing {unknown}
 l - a potion of brilliance {unknown}
 n - a potion of might {unknown}
 p - 3 potions of degeneration {unknown}
 s - a potion of resistance {unknown}
 z - a potion of experience {unknown}


   Skills:
 + Level 2.9 Fighting
 + Level 3.3 Short Blades
 + Level 3.6 Throwing
 + Level 1.8 Dodging
 - Level 5.9 Stealth
 + Level 0.8 Shields
 * Level 1.1 Spellcasting
 * Level 1.7 Conjurations
 * Level 1.5 Evocations


You had 5 spell levels left.
You knew the following spells:

 Your Spells              Type           Power      Damage    Failure   Level
a - Shock                 Conj/Air       8%         1d3       30%         1
b - Sandblast             Erth           0%         2d4       41%         1

Your spell library contained the following spells:

 Spells                   Type           Power      Damage    Failure   Level
 Foxfire                  Conj/Fire      8%         2x1d4     32%         1
 Slow                     Hex            0%         N/A       41%         1
 Ensorcelled Hibernation  Hex/Ice        0%         N/A       56%         2
 Passwall                 Tmut/Erth      0%         N/A       56%         2
 Stone Arrow              Conj/Erth      4%         3d7       67%         3
 Confusing Touch          Hex            0%         N/A       80%         3
 Gell's Gravitas          Tloc           0%         N/A       80%         3
 Sigil of Binding         Hex            0%         N/A       80%         3
 Teleport Other           Tloc           0%         N/A       80%         3
 Vampiric Draining        Necr           0%         2d6       80%         3
 Brom's Barrelling Bould  Conj/Erth      2%         2d3       97%         4
 Fulminant Prism          Conj/Hex       1%         3d5       97%         4
 Iskenderun's Mystic Bla  Conj/Tloc      2%         2d3       97%         4
 Airstrike                Air            0%         2d(0-16)  99%         4
 Dispersal                Tloc           0%         N/A       100%        6
 Swiftness                Air            Unusable   N/A       N/A         3

Dungeon Overview and Level Annotations

Branches:
Dungeon (5/15)            Ossuary (visited)
 Temple: D:4-7

Altars:
Zin

Shops:
D:2 *


Innate Abilities, Weirdness & Mutations

You cannot be hasted, slowed, berserked, paralysed or teleported.
You can dig through walls and to a lower floor.
You have a pair of large antennae on your head. (SInv)
Your four strong arms can wield two-handed weapons with a shield.


Message History

The lemure hits you.
You hit the lemure but do no damage.
The lemure looks as sick as possible!
The lemure is severely wounded.
The lemure hits you.
You hit the lemure but do no damage.
The lemure looks as sick as possible!
The lemure is severely wounded.
You block the lemure's attack.
You barely miss the lemure.
The lemure is severely wounded.
You block the lemure's attack.
You hit the lemure.
The lemure looks as sick as possible!
The lemure is almost dead.
You kill the lemure!
That felt strangely unrewarding.
You start resting.
HP restored.
You see here a +0 ring mail.
Found a club.
You see here a +0 club.
p - 3 coppery potions (gained 1)
A centaur comes into view.
It is wielding a +0 club and carrying a wand of mindburst.
Throw: 5 darts (poison)
Press: ? - help, Q - select action, (/) - cycle Shift-Dir - straight line, f - centaur
Aim: a centaur, wielding a +0 club, quivering stones and carrying a wand of mindburst (wandering, hasn't noticed you, 70% to hit)
You throw a poisoned dart. The poisoned dart hits the centaur!
The centaur is poisoned.
The centaur shouts!
You hear a shout!
The centaur unwields a +0 club.
The centaur wields a +0 orcbow.
The centaur shoots an arrow.
The arrow hits you!
The centaur zaps a wand.
Your mind is blasted!
The centaur zaps a wand.
Your mind is blasted!
The centaur shoots an arrow.
The arrow closely misses you.
The centaur shoots an arrow.
The arrow hits you!
The centaur throws a stone.
The stone hits you!
* * * LOW HITPOINT WARNING * * *
The centaur shoots an arrow.
The arrow hits you!
* * * LOW HITPOINT WARNING * * *
The centaur shoots an arrow.
The arrow hits you!
You die...

#..###...## ##..###..##
..........###.#####...#
....c.....c....###....#
....#######.....##..#.##
....# ##.......##..####
....# #.......#..##..#
##..# ##........##.###
##.#########.......##.##
###.............@..##..#
#............####..#..##
....########.# ##.<.##
....# #.## #...## ....##
#..# ##....## .....# #..#
#..###.### .....##
##..###..# ##..#
......#####...##...# ##.#
......##...........####.##


You could see a centaur.

Vanquished Creatures
  2 lemures (D:5)
  A phantom (D:5)
  A sleepcap (D:4)
  Jessica (D:2)
  2 iguanas (D:4)
  An orc wizard (D:3)
  7 adders
  A worm (D:3)
  2 dart slugs
  4 orcs (D:3)
  7 bats
  9 endoplasms
  5 giant cockroaches
  8 goblins
  3 hobgoblins
  5 jackals (D:1)
  4 quokkas
  10 ball pythons
  4 frilled lizards
  5 kobolds
  A kobold zombie (D:4)
  7 rats
90 creatures vanquished.

Notes
Turn   | Place    | Note
-------+----------+-------------------------------------------
     0 | D:1      | Elsrick the Formicid Brigand began the quest for the Orb.
     0 | D:1      | Reached XP level 1. HP: 16/16 MP: 1/1
    39 | D:1      | Reached skill level 5 in Stealth
    84 | D:1      | Reached XP level 2. HP: 9/22 MP: 2/2
   412 | D:1      | Reached XP level 3. HP: 27/27 MP: 3/3
   852 | D:2      | Reached skill level 1 in Dodging
  1322 | D:2      | Found a glowing silver altar of Zin.
  1385 | D:2      | Noticed Jessica
  1392 | D:2      | Killed Jessica
  1393 | D:2      | Reached XP level 4. HP: 16/34 MP: 4/4
  1598 | D:2      | Learned a level 1 spell: Shock
  1663 | D:2      | Found Uqityl's Assorted Antiques.
  1833 | D:2      | Reached XP level 5. HP: 39/39 MP: 5/5
  1922 | D:3      | Identified the of Fiweat
  2263 | D:3      | Found a faded altar of an unknown god.
  2493 | D:3      | Learned a level 1 spell: Sandblast
  2524 | D:3      | Reached skill level 1 in Evocations
  2656 | D:4      | Found a sand-covered staircase.
  2682 | Ossuary  | Entered an ossuary
  2792 | D:4      | Reached XP level 6. HP: 28/46 MP: 5/7
  2875 | D:4      | Identified the +1 buckler of Eptymu {rElec rC+}
  2944 | D:4      | Reached skill level 1 in Conjurations
  3922 | D:5      | Identified the "Tyir"
  3922 | D:5      | Entered Level 5 of the Dungeon
  3983 | D:5      | Found Yzufit's Fire Supplies.
  4176 | D:5      | Reached skill level 1 in Spellcasting
  4570 | D:5      | HP: 2/46 [centaur/arrow (8)]
  4571 | D:5      | Shot with an arrow by a centaur

Illustrated notes

Levels and vault maps discovered:
D:1:      psy_arrival_radial01, layout_basic, minmay_tetromino_l2
D:2:      layout_rooms, serial_shops, nicolae_shop_tiny_waterfront, basic_altar,
          minmay_vboxes, uniq_jessica
D:3:      layout_rooms, shapermc_ecumenical_altar_mp_vishouse
D:4:      layout_basic, enter_ossuary_3
D:5:      layout_layer_cave, temple_statues, chequers_decorated_corner,
          nicolae_shop_fire_sale [nicolae_sub_dead_trees],
          minmay_a_box_with_orc_wizards_in_it, uniq_pikel, uniq_prince_ribbit1

Skill      XL: |  1  2  3  4  5  6 |
---------------+-------------------+-----
Stealth        | 5 |  5.9
Dodging        | 1 |  1.8
Throwing       | 3 |  3.6
Evocations     | 1 |  1.5
Conjurations   | 1 |  1.7
Short Blades   | 3 |  3.3
Spellcasting   | 1 |  1.1
Fighting       | |  2.9
Shields        | |  0.8

Action                     |  1- 3 |  4- 6 || total
---------------------------+-------+-------++-------
  Melee: Dagger            |    75 |   257 ||   332
         Punch             |       |     1 ||     1
  Throw: Dart              |    43 |    51 ||    94
   Cast: Shock             |       |     5 ||     5
  Evoke: Wand              |       |     1 ||     1
   Stab: Sleeping          |     1 |     6 ||     7
 Armour: Robe              |    63 |   120 ||   183
  Dodge: Dodged            |    63 |   100 ||   163
  Block: Buckler           |       |    21 ||    21

Table legend: (Time is in decaauts)
 A = Elapsed time spent in this place.
 B = Non-inter-level travel time spent in this place.
 C = Inter-level travel time spent in this place.
 D = Time resting spent in this place.
 E = Time spent auto-exploring this place.
 F = Levels seen in this place.
 G = Mean time per level.
                   A        B        C        D        E       F      G
               +--------+--------+--------+--------+--------+-----+--------+
         Total |   4516 |   4365 |    151 |   1011 |   1755 |   6 |  752.7 |
       Dungeon |   4512 |   4361 |    151 |   1011 |   1755 |   5 |  902.4 |
       Ossuary |      4 |      4 |      0 |      0 |      0 |   1 |    4.0 |
               +--------+--------+--------+--------+--------+-----+--------+

Top non-repeatable levels by time:
     D:4: 1251 daAuts
     D:2: 1062 daAuts
     D:1: 839 daAuts
     D:3: 717 daAuts
     D:5: 640 daAuts
 Ossuary: 4 daAuts
